 Dungeon Crawl Stone Soup version 0.25-a0-310-g60f0ac2d9a (webtiles) character file.

Game seed: 3812855072336129489, levelgen mode: deterministic

40 Glalom the Grave Robber (level 3, -1/28 HPs)
             Began as a Deep Dwarf Necromancer on Dec 22, 2019.
             Slain by a worm (5 damage)
             ... on level 1 of the Dungeon on Dec 23, 2019.
             The game lasted 00:06:18 (1431 turns).

Glalom the Grave Robber (Deep Dwarf Necromancer)    Turns: 1431, Time: 00:06:18

Health: -1/28      AC:  2    Str: 11    XL:     3   Next: 30%
Magic:  3/5        EV: 12    Int: 16    God:
Gold:   29         SH:  0    Dex: 13    Spells: 0/5 levels left

rFire    . . .     SeeInvis .   f - +0 club
rCold    . . .     Gourm    .   (no shield)
rNeg     . . .     Faith    .   a - +0 robe
rPois    .         Spirit   .   (no helmet)
rElec    .         Reflect  .   (no cloak)
rCorr    .         Harm     .   (no gloves)
MR       .....                  (no boots)
Stlth    ++........             (no amulet)
HPRegen  0.00/turn              (no ring)
MPRegen  0.09/turn              (no ring)

@: non-regenerating
A: damage resistance, heal wounds, sense surroundings 1, no regeneration
a: Heal Wounds


You were on level 1 of the Dungeon.
You were very hungry.

You visited 1 branch of the dungeon, and saw 2 of its levels.

You collected 29 gold pieces.

Inventory:

Hand Weapons
 f - a +0 club (weapon)
Armour
 a - a +0 robe (worn)
 e - a +0 pair of boots
Jewellery
 i - an uncursed amulet of the acrobat {unknown}
Scrolls
 b - a scroll of teleportation {unknown}
 g - 2 scrolls of identify {unknown}
 h - a scroll of amnesia {unknown}
 j - a scroll of magic mapping {unknown}
Potions
 d - a potion of ambrosia {unknown}
 k - a potion of cancellation {unknown}
Comestibles
 c - 3 rations


   Skills:
 - Level 2.1 Dodging
 - Level 2.4 Stealth
 - Level 1.7 Spellcasting
 + Level 5.7 Necromancy


You couldn't memorise any spells.
You knew the following spells:

 Your Spells              Type           Power        Failure   Level  Hunger
a - Pain                  Necr           ###.         1%          1    ##.....
b - Animate Skeleton      Necr           N/A          1%          1    ##.....
c - Vampiric Draining     Necr           ###.......   6%          3    ####...

Your spell library contained the following spells:

 Spells                   Type           Power        Failure   Level  Hunger
 Animate Dead             Necr           N/A          21%         4    #####..
 Regeneration             Chrm/Necr      Unusable     N/A         3    N/A

Dungeon Overview and Level Annotations

Branches:
Dungeon (2/15)

Altars:


Innate Abilities, Weirdness & Mutations

You are resistant to damage.
You can heal yourself by infusing magical energy.
You passively map a small area around you.
You do not regenerate.


Message History

Press: ? - help, Shift-Dir - straight line, f - worm
Aim: a worm (lightly wounded)
The worm is moderately wounded.
You feel life coursing into your body. The worm closely misses you.
You start resting.
Magic restored.
Casting: Vampiric Draining (safe; 6% risk of failure)
Confirm with . or Enter, or press ? or * to list all spells.
Aiming: Vampiric Draining (safe; 6% risk of failure)
Press: ? - help, Shift-Dir - straight line, f/p - worm
Aim: a worm The worm is moderately wounded.
You feel life coursing into your body. The worm bites you!
* * * LOW HITPOINT WARNING * * *
You start resting.
The worm is too close now for your liking.
A worm is nearby!
A worm is nearby!
The worm bites you!
You die...

(.###........##...#############
..#...........+...............#
.(#.#........##...###########.###
...).........'....'..............
..#.#........#....##.######.#.###
..#.######.###....##.# #.#.#
..#.######.###....##'#### #(#.#
>................w......# #.#.#
#.#.######.###..@.......# #.#.#
#....# #.......#......###.#.#
#....# #####..##w...........#
#....# #...#............# #....#
#.#.#............# #....#
#.#..............# .....#
######.##.......###.#.#
.....####......##..#.######.#.###
................(...........#....


You could see a worm.

Vanquished Creatures
  2 oozes (D:1)
  A dart slug (D:1)
  A ball python (D:1)
  A giant cockroach (D:2)
  A goblin (D:1)
  2 hobgoblins
  7 jackals (D:1)
  4 bats (D:1)
  A frilled lizard (D:2)
  3 kobolds (D:1)
  2 rats (D:1)
25 creatures vanquished.

Vanquished Creatures (collateral kills)
  A dart slug (D:1)
  A hobgoblin (D:1)
  A kobold (D:1)
  A rat (D:1)
4 creatures vanquished.

Grand Total: 29 creatures vanquished

Notes
Turn   | Place    | Note
-------+----------+-------------------------------------------
     0 | D:1      | Glalom the Deep Dwarf Necromancer began the quest for the
                  | Orb.
     0 | D:1      | Reached XP level 1. HP: 15/15 MP: 3/3
     2 | D:1      | Learned a level 1 spell: Animate Skeleton
   162 | D:1      | Reached XP level 2. HP: 22/22 MP: 0/4
   180 | D:1      | Reached skill level 5 in Necromancy
   655 | D:1      | Reached XP level 3. HP: 16/28 MP: 3/5
   799 | D:1      | Learned a level 3 spell: Vampiric Draining
  1219 | D:1      | Upgraded the game from 0.25-a0-308-geac79542e2 to
                  | 0.25-a0-310-g60f0ac2d9a
  1431 | D:1      | Slain by a worm

Levels and vault maps discovered:
D:1:      scummos_arrival_star, layout_basic
D:2:      layout_basic, lemuel_coloured_pillars_altar

Skill      XL: |  1  2 |
---------------+-------+-----
Necromancy     | 5 |  5.7
Dodging        | |  2.1
Stealth        | |  2.4
Spellcasting   | |  1.7

Action                   || total
-------------------------++-------
Melee: Unarmed           ||     6
       Club              ||    18
 Cast: Pain              ||    28
       Animate Skeleton  ||     6
       Vampiric Draining ||    10
  Eat: Chunk             ||     2
Armor: Robe              ||    12
Dodge: Dodged            ||    33

Table legend:
 A = Non-vault XP
 B = Vault XP
 C = Vault XP percentage of total XP
 D = Non-vault monster count
 E = Vault monster count
 F = Vault count percentage of total count
                 A         B        C        D         E       F
            +---------+---------+-------+---------+---------+-------
      Total |      58 |       0 |   0.0 |      29 |       0 |   0.0
            +---------+---------+-------+---------+---------+-------
        D:1 |      53 |       0 |   0.0 |      26 |       0 |   0.0
        D:2 |       5 |       0 |   0.0 |       3 |       0 |   0.0
            +---------+---------+-------+---------+---------+-------
